 Dungeon Crawl Stone Soup version 0.20.1-1-g8b1a95d (webtiles) character file.

25403 Torro the Severer (level 12, -8/108 HPs)
             Began as a Minotaur Fighter on Dec 22, 2017.
             Was the Champion of Okawaru.
             Mangled by an orc knight
             ... wielding a +0 halberd
              (22 damage)
             ... on level 13 of the Dungeon.
             The game lasted 01:00:50 (9720 turns).

Torro the Severer (Minotaur Fighter)                Turns: 9720, Time: 01:00:50

Health: -8/108     AC: 18    Str: 24    XL:     12   Next: 89%
Magic:  11/11      EV: 13    Int: 10    God:    Okawaru [******]
Gold:   513        SH:  8    Dex: 14    Spells: 11/11 levels left

rFire    . . .     SeeInvis .   y - +0 hand axe of Dakirog {chop, rC+ rN+}
rCold    . . .     Gourm    .   i - +1 buckler {rPois}
rNeg     + + .     Faith    .   g - +5 scale mail
rPois    +         Spirit   .   (helmet restricted)
rElec    .         Reflect  .   (no cloak)
rCorr    .         Harm     .   s - +0 pair of gloves
MR       +....                  o - +1 pair of boots {run}
Stlth    +.........             q - amulet of magic regeneration
Regen    0.3/turn               w - ring "Foduf" {rC- rN+ MR+ Int+5}
MPRegen  0.2/turn               n - +3 ring of slaying

@: quick
A: retaliatory headbutt, horns 2, agile 1, sense surroundings 1, MP-powered
wands
a: Heroism, Finesse, Renounce Religion


You were on level 13 of the Dungeon.
You worshipped Okawaru.
Okawaru was exalted by your worship.
You were not hungry.

You visited 1 branch of the dungeon, and saw 13 of its levels.

You collected 663 gold pieces.
You spent 150 gold pieces at shops.

Inventory:

Hand Weapons
 t - a +6 hand axe of freezing
 y - the +0 hand axe of Dakirog (weapon) {chop, rC+ rN+}
   (You found it on level 12 of the Dungeon)

   It inflicts extra damage upon your enemies.
   It protects you from cold.
   It protects you from negative energy.
Armour
 g - a +5 scale mail (worn)
 i - a +1 buckler of poison resistance (worn)
 o - a +1 pair of boots of running (worn)
 s - a +0 pair of gloves (worn)
 x - a +2 shield of protection
Jewellery
 n - a +3 ring of slaying (right hand)
 q - an amulet of magic regeneration (around neck)
 w - the ring "Foduf" (left hand) {rC- rN+ MR+ Int+5}
   (You found it on level 9 of the Dungeon)

   [ring of protection from magic]

   It affects your intelligence (+5).
   It makes you vulnerable to cold.
   It protects you from negative energy.
   It affects your resistance to hostile enchantments.
Scrolls
 b - 4 scrolls of teleportation
 h - 9 scrolls of remove curse
 l - 2 scrolls of recharging
 v - a scroll of amnesia
Potions
 d - 2 potions of might
 e - 2 potions of agility
 m - 4 potions of flight
 p - a potion of brilliance
 u - a potion of curing
 C - 2 potions of resistance
Comestibles
 f - 7 bread rations
 j - 3 meat rations
 k - a royal jelly
 r - 26 fruits


   Skills:
 + Level 10.8 Fighting
 * Level 16.1 Axes
 * Level 12.4 Armour
 + Level 5.8 Dodging
 + Level 2.7 Stealth
 + Level 10.4 Shields


You had 11 spell levels left.
You didn't know any spells.

Dungeon Overview and Level Annotations

Branches:
Dungeon (13/15)            Temple (0/1) D:7            Lair (0/6) D:11
    Orc (0/2) D:12
 Vaults: D:13-14

Altars:
Cheibriados
Dithmenos
Elyvilon
Hepliaklqana
Makhleb
Nemelex Xobeh
Okawaru
Qazlal
Ru
Sif Muna
Uskayaw
Vehumet
Zin
The Shining One
Beogh

Shops:
D:5 :   D:7 !(?

Annotations:
D:4 exclusion: statue


Innate Abilities, Weirdness & Mutations

You reflexively headbutt those who attack you in melee.
You have a pair of horns on your head.
You are agile. (Dex +2)
You passively map a small area around you.
You expend magic power (3 MP) to strengthen your wands.


Message History

You closely miss the human.
The human is severely wounded.
The human hits you.
* * * LOW HITPOINT WARNING * * *
You miss the human. You headbutt the human.
The human is severely wounded.
You hit the human.
The human is severely wounded.
You block the human's attack.
You slash the human!
You kill the human!
Okawaru accepts your kill. The human barely misses you.
You furiously retaliate!
You headbutt the human, but do no damage.
Things that are here:
a human corpse x2
You closely miss the human. You headbutt the human!
The human is heavily wounded.
The orc knight hits you from afar with a halberd!!
You die...

#.##...###.#........
#.#.....###.#.#####.
#.............# *
###,#.....##††..####,
#.. *#...#..........
, #.# ##(...>.....###
, #.# #.............
,
#.#####p..##...#####
* #..)(@pop(##...#
###†####.(######
#.####.(#######*
#.#............*
#.#.##p........
#.#...py.###...
#.#.#.p.## * #. *
#.#,#.p.#** ,
,,....§. *,


You could see an orc knight and 3 humans.

Vanquished Creatures
  Rupert (D:12)
  Gastronok (D:8)
  Nessos (D:13)
  The ghost of p0werm0de the Cleaver, a journeyman DDFi of Makhleb (D:13)
  A centaur warrior (D:8)
  5 two-headed ogres
  An unseen horror (D:10)
  An orc knight (D:12)
  3 ugly things
  A deep elf mage (D:12)
  Maurice (D:8)
  The ghost of TBriggs11TB the Poker, a novice MiBe of Trog (D:5)
  Psyche (D:8)
  A komodo dragon (D:11)
  3 trolls
  The ghost of DrHerr the Poker, an amateur MiGl (D:7)
  Prince Ribbit (D:8)
  A hornet (D:13)
  2 wyverns (D:11)
  4 fire bats (D:9)
  15 yaks (D:10)
  7 humans (D:13)
  Grum (D:8)
  A hungry ghost (D:7)
  An acid dragon (D:8)
  A water moccasin (D:12)
  Duvessa (D:7)
  A hell hound (D:9)
  5 orc warriors
  3 ice beasts
  4 phantoms
  3 black bears
  7 ogres
  3 sky beasts
  4 wolves (D:8)
  2 crocodiles
  8 centaurs
  2 big kobolds
  7 bullfrogs
  A gnoll sergeant (D:11)
  2 wyvern skeletons
  2 scorpions
  Dowan (D:7)
  6 killer bees (D:13)
  2 vampire bats (D:4)
  2 howler monkeys (D:8)
  7 crimson imps
  A centaur zombie (D:8)
  2 lava snakes (D:9)
  A bullfrog zombie (D:10)
  2 bullfrog skeletons
  4 hounds
  3 jellies
  8 orc priests
  9 orc wizards
  8 worker ants
  An iguana (D:8)
  A killer bee zombie (D:9)
  5 gnolls (D:11)
  13 adders
  4 shadow imps
  3 worms
  5 dart slugs
  4 leopard geckos
  47 orcs
  4 giant cockroaches
  8 goblins
  7 hobgoblins
  14 jackals
  10 quokkas
  6 ball pythons
  17 bats
  5 frilled lizards
  A jackal skeleton (D:6)
  A jackal zombie (D:5)
  12 kobolds
  4 rats
  A fire vortex (D:9)
  A fungus (D:3)
  3 plants (D:11)
346 creatures vanquished.

Vanquished Creatures (others)
  A human (D:13)
  2 fire vortices (D:9)
  A plant (D:11)
4 creatures vanquished.

Grand Total: 350 creatures vanquished

Notes
Turn   | Place    | Note
-------+----------+-------------------------------------------
     0 | D:1      | Torro the Minotaur Fighter began the quest for the Orb.
     0 | D:1      | Reached XP level 1. HP: 19/19 MP: 0/0
   296 | D:1      | Reached XP level 2. HP: 27/27 MP: 1/1
   809 | D:2      | Found a sacrificial altar of Ru.
   819 | D:2      | Reached skill level 3 in Axes
   819 | D:2      | Reached XP level 3. HP: 33/33 MP: 2/2
   928 | D:2      | Reached XP level 4. HP: 26/40 MP: 3/3
  1489 | D:3      | Reached skill level 5 in Armour
  1523 | D:3      | Found a snail-covered altar of Cheibriados.
  1673 | D:3      | Reached skill level 4 in Axes
  1673 | D:3      | Reached XP level 5. HP: 38/46 MP: 4/4
  1702 | D:3      | Reached skill level 1 in Dodging
  1987 | D:3      | Found a shadowy altar of Dithmenos.
  2122 | D:4      | Identified a +1 pair of boots of running (You found it on level 4 of the Dungeon)
  2144 | D:4      | Found a radiant altar of Vehumet.
  2144 | D:4      | Noticed a frost-covered statue
  2211 | D:4      | Reached XP level 6. HP: 53/53 MP: 5/5
  2222 | D:4      | Found a glowing silver altar of Zin.
  2275 | D:4      | Reached skill level 5 in Axes
  2492 | D:4      | Reached skill level 6 in Axes
  2682 | D:5      | Entered Level 5 of the Dungeon
  2699 | D:5      | Reached XP level 7. HP: 60/60 MP: 6/6
  2721 | D:5      | Found an iron altar of Okawaru.
  2739 | D:5      | Became a worshipper of Warmaster Okawaru
  2792 | D:5      | Reached skill level 7 in Axes
  2820 | D:5      | Noticed TBriggs11TB's ghost (novice MiBe)
  2833 | D:5      | Killed TBriggs11TB's ghost
  2833 | D:5      | Reached * piety under Okawaru
  2833 | D:5      | Reached skill level 8 in Axes
  2833 | D:5      | Reached skill level 5 in Shields
  2833 | D:5      | Reached XP level 8. HP: 41/67 MP: 7/7
  2934 | D:5      | Reached skill level 5 in Fighting
  3090 | D:5      | Reached ** piety under Okawaru
  3094 | D:5      | Found Fuxonn's Book Boutique.
  3310 | D:6      | Noticed a troll
  3320 | D:6      | Killed a troll
  3327 | D:6      | Reached skill level 9 in Axes
  3464 | D:6      | Found a hide-covered altar of Uskayaw.
  3509 | D:6      | Found a burning altar of Makhleb.
  3509 | D:6      | Noticed a cacodemon
  3601 | D:6      | Found a glowing golden altar of the Shining One.
  3702 | D:6      | Found a sparkling altar of Nemelex Xobeh.
  4002 | D:7      | Reached skill level 10 in Axes
  4022 | D:7      | Noticed Dowan
  4023 | D:7      | Noticed Duvessa
  4039 | D:7      | Killed Dowan
  4054 | D:7      | Found a staircase to the Ecumenical Temple.
  4059 | D:7      | Reached XP level 9. HP: 69/75 MP: 8/8
  4061 | D:7      | Noticed DrHerr's ghost (amateur MiGl)
  4063 | D:7      | Reached *** piety under Okawaru
  4073 | D:7      | Killed Duvessa
  4075 | D:7      | Killed DrHerr's ghost
  4097 | D:7      | Gained mutation: You expend magic power (3 MP) to strengthen your wands. [potion of mutation]
  4097 | D:7      | Gained mutation: You are agile. (Dex +2) [potion of mutation]
  4097 | D:7      | Gained mutation: You passively map a small area around you. [potion of mutation]
  4106 | D:7      | Found an iron altar of Okawaru.
  4386 | D:7      | Reached skill level 11 in Axes
  4427 | D:7      | Found Ynekas's Antique Weapon Shop.
  4432 | D:7      | Found Tiyf's Magic Scroll Boutique.
  4435 | D:7      | Bought a glowing hand axe for 150 gold pieces
  4485 | D:7      | Found Meagazeu's Distillery.
  4627 | D:7      | Found a hazy altar of Hepliaklqana.
  4698 | D:8      | Noticed Psyche
  4706 | D:8      | Killed Psyche
  4742 | D:8      | Noticed Maurice
  4752 | D:8      | Killed Maurice
  4752 | D:8      | Reached **** piety under Okawaru
  4752 | D:8      | Reached skill level 12 in Axes
  4752 | D:8      | Reached skill level 1 in Stealth
  4761 | D:8      | Noticed a two-headed ogre
  4771 | D:8      | Killed a two-headed ogre
  4771 | D:8      | Reached XP level 10. HP: 26/84 MP: 9/9
  4968 | D:8      | Noticed a two-headed ogre
  4989 | D:8      | Reached ***** piety under Okawaru
  4995 | D:8      | Killed a two-headed ogre
  4995 | D:8      | Reached skill level 13 in Axes
  5025 | D:8      | Noticed a centaur warrior
  5039 | D:8      | Killed a centaur warrior
  5194 | D:8      | Noticed Prince Ribbit
  5200 | D:8      | Killed Prince Ribbit
  5213 | D:8      | Found a white marble altar of Elyvilon.
  5350 | D:8      | Noticed Gastronok
  5350 | D:8      | Noticed Grum
  5365 | D:8      | Killed Grum
  5380 | D:8      | Killed Gastronok
  5380 | D:8      | Received a gift from Okawaru
  5380 | D:8      | Reached skill level 14 in Axes
  5380 | D:8      | Reached XP level 11. HP: 36/94 MP: 10/10
  5412 | D:8      | Noticed a green ugly thing
  5432 | D:8      | Killed a green ugly thing
  5432 | D:8      | Reached skill level 10 in Armour
  6833 | D:9      | Got a brightly glowing platinum ring
  6884 | D:9      | Identified the ring "Foduf" {rC- rN+ MR+ Int+5} (You found it on level 9 of the Dungeon)
  7073 | D:10     | Entered Level 10 of the Dungeon
  7126 | D:10     | Reached skill level 15 in Axes
  7344 | D:10     | Killed an unseen horror
  7431 | D:10     | Reached ****** piety under Okawaru
  7433 | D:10     | Noticed a two-headed ogre
  7442 | D:10     | Killed a two-headed ogre
  7442 | D:10     | Received a gift from Okawaru
  7538 | D:10     | Found a stormy altar of Qazlal.
  7616 | D:10     | Found a deep blue altar of Sif Muna.
  7940 | D:11     | Noticed a two-headed ogre
  7946 | D:11     | Killed a two-headed ogre
  7946 | D:11     | Reached XP level 12. HP: 91/104 MP: 11/11
  8206 | D:11     | Found a staircase to the Lair.
  8310 | D:11     | Noticed a two-headed ogre
  8319 | D:11     | Killed a two-headed ogre
  8831 | D:12     | Found a staircase to the Orcish Mines.
  9094 | D:12     | Found a roughly hewn altar of Beogh.
  9101 | D:12     | Reached skill level 5 in Dodging
  9226 | D:12     | Reached skill level 10 in Fighting
  9284 | D:12     | Identified a scroll of acquirement
  9309 | D:12     | Noticed Rupert
  9332 | D:12     | Killed Rupert
  9332 | D:12     | Reached skill level 10 in Shields
  9392 | D:12     | Got a smoking hand axe
  9393 | D:12     | Identified the cursed +0 hand axe of Dakirog {chop, rC+ rN+} (You found it on level 12 of the Dungeon)
  9589 | D:13     | Noticed p0werm0de's ghost (journeyman DDFi)
  9631 | D:13     | Killed p0werm0de's ghost
  9631 | D:13     | Reached skill level 16 in Axes
  9649 | D:13     | Noticed Nessos
  9678 | D:13     | Killed Nessos
  9720 | D:13     | Mangled by an orc knight

Skill      XL: |  1  2  3  4  5  6  7  8  9 10 11 12 |
---------------+-------------------------------------+-----
Armour         | 4 5 6 7 9 11 12 | 12.4
Axes           | 3 4 6 8 10 12 14 15 16 | 16.1
Shields        | 4 5 6 7 9 10 | 10.4
Fighting       | 4 5 6 8 9 10 | 10.8
Dodging        | 1 2 3 4 5 |  5.8
Stealth        | 1 2 |  2.7

Action                   |  1- 3 |  4- 6 |  7- 9 | 10-12 || total
-------------------------+-------+-------+-------+-------++-------
Melee: War axe           |    66 |   184 |   163 |       ||   413
       Headbutt          |     9 |    31 |    36 |   142 ||   218
       Hand axe          |       |       |    26 |   536 ||   562
  Use: Scroll            |     3 |     4 |     8 |    10 ||    25
       Potion            |     1 |     3 |     4 |    13 ||    21
 Stab: Paralysed         |     2 |       |       |       ||     2
       Invisible         |       |       |     3 |     1 ||     4
  Eat: Chunk             |       |     6 |       |     3 ||     9
       Fruit             |       |       |     4 |     2 ||     6
       Royal jelly       |       |       |     1 |     4 ||     5
       Meat ration       |       |       |     1 |       ||     1
Armor: Scale mail        |    33 |    98 |    65 |   136 ||   332
       Ring mail         |     6 |       |       |       ||     6
Dodge: Dodged            |    16 |    61 |    55 |   122 ||   254
Block: Shield            |    37 |    99 |    93 |   174 ||   403
       Buckler           |       |       |       |    21 ||    21
